 Dungeon Crawl Stone Soup version 0.25.1-2-g60ff931df9 (webtiles) character file.

Game seed: 7613340062492325487

320 diana the Slasher (level 6, -3/72 HPs)
             Began as a Demonspawn Gladiator on Sept 13, 2020.
             Killed by divine providence
             ... invoked by an orc priest
              (14 damage)
             ... on level 4 of the Dungeon.
             The game lasted 00:02:39 (3834 turns).

diana the Slasher (Demonspawn Gladiator)            Turns: 3834, Time: 00:02:39

Health: -3/72      AC: 23    Str: 16    XL:     6   Next: 22%
Magic:  6/6        EV:  2    Int: 10    God:
Gold:   198        SH:  0    Dex: 14    Spells: 5/5 levels left

rFire    . . .     SeeInvis .   a - +0 long sword
rCold    . . .     Gourm    .   (no shield)
rNeg     + + +     Faith    .   (armour currently unavailable)
rPois    +         Spirit   .   (helmet currently unavailable)
rElec    .         Reflect  .   (cloak currently unavailable)
rCorr    .         Harm     .   (gloves currently unavailable)
MR       .....     NoTele   +   (boots currently unavailable)
Stlth    +.........             (no amulet)
HPRegen  0.22/turn              (no ring)
MPRegen  0.10/turn              (no ring)

@: tree-form, hasted, very quick
A: no striking features
a: no special abilities


You were on level 4 of the Dungeon.
You were not hungry.
You were a tree.
You visited 1 branch of the dungeon, and saw 4 of its levels.

You collected 198 gold pieces.

Inventory:

Hand Weapons
 a - a +0 long sword (weapon)
Missiles
 d - 3 throwing nets (quivered)
Armour
 b - a +0 leather armour (melded)
 c - a +0 helmet
Jewellery
 j - an uncursed ring of flight {unknown}
 r - an uncursed ring of magical power {unknown}
 t - a +6 ring of dexterity {unknown}
Scrolls
 e - 2 scrolls of fog {unknown}
 g - 2 scrolls of blinking {unknown}
 h - a scroll of identify {unknown}
 i - a scroll of enchant weapon {unknown}
 k - 3 scrolls of amnesia {unknown}
 m - 2 scrolls of remove curse {unknown}
 n - a scroll of magic mapping {unknown}
 v - a scroll of teleportation {unknown}
 w - a scroll of enchant armour {unknown}
Potions
 p - a potion of haste
 q - a potion of lignification
 s - a potion of might {unknown}
Comestibles
 f - 6 rations
 u - a chunk of flesh


   Skills:
 + Level 4.1 Fighting
 + Level 4.3 Long Blades
 - Level 1.7 Throwing
 + Level 3.0 Armour
 - Level 2.6 Dodging


You had 5 spell levels left.
You didn't know any spells.
Your spell library was empty.

Dungeon Overview and Level Annotations

Branches:
Dungeon (4/15)
 Temple: D:4-7

Altars:

Annotations:
D:2 1 runed translucent door, Crazy Yiuf


Innate Abilities, Weirdness & Mutations

((You have a pair of small antennae on your head.))
((Your flesh is heat resistant. (rF+)))
((You are partially covered in sharp spines.))


Message History

* * * LOW HITPOINT WARNING * * *
It was a potion of lignification.
You turn into a tree.
Your +0 leather armour melds into your body.
Your roots penetrate the ground.
The orc wizard barely misses you.
The orc priest hits you but does no damage.
The orc priest calls upon Beogh to heal the orc priest.
The orc priest is healed somewhat.
It was a potion of haste.
You feel yourself speed up.
The orc wizard hits you but does no damage.
The orc priest hits you but does no damage.
The orc priest hits you with a +0 flail.
* * * LOW HITPOINT WARNING * * *
It was a potion of magic.
Magic courses through your body.
The orc wizard hits you but does no damage.
It was a potion of curing.
You feel better.
The orc priest hits you with a +0 short sword of protection.
* * * LOW HITPOINT WARNING * * *
The orc priest invokes the aid of Beogh against you.
Beogh smites you!
You die...

### ..# ..#####
#################o......
#...............♣o.#
#.###############o.# #.#
..# #.############# ..#
............... .>#
............... .(.
............##. #.##
............# ..
...(........###


You could see 2 orc priests and an orc wizard.

Vanquished Creatures
  A phantom (D:4)
  A water moccasin zombie (D:4)
  An orc priest (D:4)
  6 adders
  An ooze (D:4)
  5 worms
  2 dart slugs
  2 leopard geckos
  7 orcs
  5 bats
  2 giant cockroaches (D:2)
  7 goblins
  5 hobgoblins
  2 jackals (D:4)
  3 kobolds
  2 quokkas
  3 ball pythons
  5 frilled lizards
  A quokka skeleton (D:4)
  8 rats
69 creatures vanquished.

Notes
Turn   | Place    | Note
-------+----------+-------------------------------------------
     0 | D:1      | diana the Demonspawn Gladiator began the quest for the Orb.
     0 | D:1      | Reached XP level 1. HP: 16/16 MP: 1/1
   102 | D:1      | Gained mutation: You are partially covered in sharp spines.
                  | [demonic ancestry]
   102 | D:1      | Reached XP level 2. HP: 11/22 MP: 2/2
   697 | D:2      | Reached skill level 1 in Armour
  1207 | D:2      | Reached XP level 3. HP: 26/28 MP: 3/3
  1334 | D:2      | Found a runed translucent door.
  1335 | D:2      | Noticed Crazy Yiuf
  1996 | D:3      | Gained mutation: You have a pair of small antennae on your
                  | head. [demonic ancestry]
  1996 | D:3      | Reached XP level 4. HP: 18/35 MP: 4/4
  3047 | D:4      | Gained mutation: Your flesh is heat resistant. (rF+)
                  | [demonic ancestry]
  3047 | D:4      | Reached XP level 5. HP: 33/41 MP: 5/5
  3625 | D:4      | Noticed a phantom
  3647 | D:4      | Killed a phantom
  3647 | D:4      | Reached XP level 6. HP: 24/48 MP: 6/6
  3834 | D:4      | Killed from afar by an orc priest

Illustrated notes

Levels and vault maps discovered:
D:1:      minmay_arrival_loop, layout_basic
D:2:      layout_loops_ring, minmay_pentomino_o4, uniq_crazy_yiuf_cottage
D:3:      layout_loops_ring, first_ration, minmay_misc_feat_secret_circle
D:4:      layout_basic, nicolae_overflow_hidden_temple

Skill      XL: |  1  2  3  4  5 |
---------------+----------------+-----
Long Blades    | 3 4 |  4.3
Armour         | 1 2 3 |  3.0
Fighting       | 3 4 |  4.1
Throwing       | |  1.7
Dodging        | |  2.6

Action                   |  1- 3 |  4- 6 || total
-------------------------+-------+-------++-------
Melee: Long sword        |    91 |    84 ||   175
  Use: Potion            |       |     4 ||     4
 Stab: Sleeping          |     1 |     1 ||     2
  Eat: Chunk             |     3 |     6 ||     9
Armor: Leather armour    |    25 |    10 ||    35
       Skin              |       |     3 ||     3
Dodge: Dodged            |    60 |    55 ||   115
       Rpst.: Long sword |    15 |    20 ||    35
